%YAML 1.1
%TAG !u! tag:unity3d.com,2011:
--- !u!1 &4689730280320374939
GameObject:
  m_ObjectHideFlags: 0
  m_CorrespondingSourceObject: {fileID: 0}
  m_PrefabInstance: {fileID: 0}
  m_PrefabAsset: {fileID: 0}
  serializedVersion: 6
  m_Component:
  - component: {fileID: 4689730280320374938}
  - component: {fileID: 7227975226978668254}
  - component: {fileID: 6931646668615626826}
  m_Layer: 0
  m_Name: Clipping Stage
  m_TagString: Untagged
  m_Icon: {fileID: 0}
  m_NavMeshLayer: 0
  m_StaticEditorFlags: 0
  m_IsActive: 1
--- !u!4 &4689730280320374938
Transform:
  m_ObjectHideFlags: 0
  m_CorrespondingSourceObject: {fileID: 0}
  m_PrefabInstance: {fileID: 0}
  m_PrefabAsset: {fileID: 0}
  m_GameObject: {fileID: 4689730280320374939}
  m_LocalRotation: {x: 0, y: 0, z: 0, w: 1}
  m_LocalPosition: {x: -1.3508759, y: -0.5867332, z: 0.7148895}
  m_LocalScale: {x: 1, y: 1, z: 1}
  m_ConstrainProportionsScale: 0
  m_Children:
  - {fileID: 4689730280522130822}
  - {fileID: 4689730280340179680}
  - {fileID: 3536843731660027814}
  - {fileID: 5511345257931643924}
  m_Father: {fileID: 0}
  m_RootOrder: 0
  m_LocalEulerAnglesHint: {x: 0, y: 0, z: 0}
--- !u!114 &7227975226978668254
MonoBehaviour:
  m_ObjectHideFlags: 0
  m_CorrespondingSourceObject: {fileID: 0}
  m_PrefabInstance: {fileID: 0}
  m_PrefabAsset: {fileID: 0}
  m_GameObject: {fileID: 4689730280320374939}
  m_Enabled: 1
  m_EditorHideFlags: 0
  m_Script: {fileID: 11500000, guid: 5b2d8ed591953e7489b2f0d503b2e577, type: 3}
  m_Name: 
  m_EditorClassIdentifier: 
  autoStart: 1
  learningUnit: {fileID: 4689730280522130821}
  playPauseManager: {fileID: 3642119661176273242}
  director: {fileID: 4689730280340179684}
  onReset:
    m_PersistentCalls:
      m_Calls: []
  onNext:
    m_PersistentCalls:
      m_Calls:
      - m_Target: {fileID: 6931646668615626826}
        m_TargetAssemblyTypeName: OmiLAXR.SceneManagement.Runtime.SceneQueueControl,
          OmiLAXR.SceneManagement
        m_MethodName: MoveToNextScene
        m_Mode: 1
        m_Arguments:
          m_ObjectArgument: {fileID: 0}
          m_ObjectArgumentAssemblyTypeName: UnityEngine.Object, UnityEngine
          m_IntArgument: 0
          m_FloatArgument: 0
          m_StringArgument: 
          m_BoolArgument: 0
        m_CallState: 2
  onEnabledNextStage:
    m_PersistentCalls:
      m_Calls: []
--- !u!114 &6931646668615626826
MonoBehaviour:
  m_ObjectHideFlags: 0
  m_CorrespondingSourceObject: {fileID: 0}
  m_PrefabInstance: {fileID: 0}
  m_PrefabAsset: {fileID: 0}
  m_GameObject: {fileID: 4689730280320374939}
  m_Enabled: 1
  m_EditorHideFlags: 0
  m_Script: {fileID: 11500000, guid: d616bbb4998347b38f74dbe4728387b3, type: 3}
  m_Name: 
  m_EditorClassIdentifier: 
  setNextSceneActive: 1
  refillQueueWhenEmpty: 0
--- !u!1 &4689730280340179681
GameObject:
  m_ObjectHideFlags: 0
  m_CorrespondingSourceObject: {fileID: 0}
  m_PrefabInstance: {fileID: 0}
  m_PrefabAsset: {fileID: 0}
  serializedVersion: 6
  m_Component:
  - component: {fileID: 4689730280340179680}
  - component: {fileID: 4689730280340179684}
  - component: {fileID: 4689730280340179685}
  - component: {fileID: 4689730280340179686}
  - component: {fileID: 4041179082617641849}
  m_Layer: 0
  m_Name: Clipping Sequence
  m_TagString: Untagged
  m_Icon: {fileID: 0}
  m_NavMeshLayer: 0
  m_StaticEditorFlags: 0
  m_IsActive: 1
--- !u!4 &4689730280340179680
Transform:
  m_ObjectHideFlags: 0
  m_CorrespondingSourceObject: {fileID: 0}
  m_PrefabInstance: {fileID: 0}
  m_PrefabAsset: {fileID: 0}
  m_GameObject: {fileID: 4689730280340179681}
  m_LocalRotation: {x: -0, y: -0, z: -0, w: 1}
  m_LocalPosition: {x: 1.3508759, y: 0.5867332, z: -0.7148895}
  m_LocalScale: {x: 1, y: 1, z: 1}
  m_ConstrainProportionsScale: 0
  m_Children: []
  m_Father: {fileID: 4689730280320374938}
  m_RootOrder: 1
  m_LocalEulerAnglesHint: {x: 0, y: 0, z: 0}
--- !u!320 &4689730280340179684
PlayableDirector:
  m_ObjectHideFlags: 0
  m_CorrespondingSourceObject: {fileID: 0}
  m_PrefabInstance: {fileID: 0}
  m_PrefabAsset: {fileID: 0}
  m_GameObject: {fileID: 4689730280340179681}
  m_Enabled: 1
  serializedVersion: 3
  m_PlayableAsset: {fileID: 11400000, guid: df10ec1e8f06f764ba1f96946ff3a503, type: 2}
  m_InitialState: 0
  m_WrapMode: 2
  m_DirectorUpdateMode: 1
  m_InitialTime: 0
  m_SceneBindings:
  - key: {fileID: 5108726993212826063, guid: 6aec393f26a600f41ba7297396652b11, type: 2}
    value: {fileID: 4689730280340179685}
  - key: {fileID: -2407037241316282317, guid: df10ec1e8f06f764ba1f96946ff3a503, type: 2}
    value: {fileID: 3536843731949262075}
  - key: {fileID: -9148365671140234825, guid: df10ec1e8f06f764ba1f96946ff3a503, type: 2}
    value: {fileID: 4689730280340179686}
  - key: {fileID: -3758257949353555436, guid: df10ec1e8f06f764ba1f96946ff3a503, type: 2}
    value: {fileID: 4689730280340179686}
  - key: {fileID: -8984118784409331818, guid: df10ec1e8f06f764ba1f96946ff3a503, type: 2}
    value: {fileID: 8698974265136714935}
  - key: {fileID: 1430989093059838442, guid: df10ec1e8f06f764ba1f96946ff3a503, type: 2}
    value: {fileID: 4689730280340179686}
  m_ExposedReferences:
    m_References: []
--- !u!95 &4689730280340179685
Animator:
  serializedVersion: 4
  m_ObjectHideFlags: 0
  m_CorrespondingSourceObject: {fileID: 0}
  m_PrefabInstance: {fileID: 0}
  m_PrefabAsset: {fileID: 0}
  m_GameObject: {fileID: 4689730280340179681}
  m_Enabled: 1
  m_Avatar: {fileID: 0}
  m_Controller: {fileID: 0}
  m_CullingMode: 0
  m_UpdateMode: 0
  m_ApplyRootMotion: 0
  m_LinearVelocityBlending: 0
  m_StabilizeFeet: 0
  m_WarningMessage: 
  m_HasTransformHierarchy: 1
  m_AllowConstantClipSamplingOptimization: 1
  m_KeepAnimatorControllerStateOnDisable: 0
--- !u!114 &4689730280340179686
MonoBehaviour:
  m_ObjectHideFlags: 0
  m_CorrespondingSourceObject: {fileID: 0}
  m_PrefabInstance: {fileID: 0}
  m_PrefabAsset: {fileID: 0}
  m_GameObject: {fileID: 4689730280340179681}
  m_Enabled: 1
  m_EditorHideFlags: 0
  m_Script: {fileID: 11500000, guid: e52de21a22b6dd44c9cc19f810c65059, type: 3}
  m_Name: 
  m_EditorClassIdentifier: 
  m_Events:
    m_Signals:
    - {fileID: 11400000, guid: 7c8279b6191caea4d95a68aadfccbc8d, type: 2}
    - {fileID: 11400000, guid: ed8f1a041749b1243abed54d7a0fad74, type: 2}
    - {fileID: 11400000, guid: bfd29b4d2a03a834a895084133c4de6d, type: 2}
    - {fileID: 11400000, guid: 02c2712b1a0f9164dbd525a0d2791ec5, type: 2}
    - {fileID: 11400000, guid: b72ae1e9583d07e4e87bf21098f4e141, type: 2}
    - {fileID: 11400000, guid: 802627120248ff240a9c3c078adabe1c, type: 2}
    - {fileID: 11400000, guid: 1d160f7337be6f348ab676e430a1dbd0, type: 2}
    m_Events:
    - m_PersistentCalls:
        m_Calls:
        - m_Target: {fileID: 4689730280340179684}
          m_TargetAssemblyTypeName: 
          m_MethodName: Pause
          m_Mode: 1
          m_Arguments:
            m_ObjectArgument: {fileID: 0}
            m_ObjectArgumentAssemblyTypeName: UnityEngine.Object, UnityEngine
            m_IntArgument: 0
            m_FloatArgument: 0
            m_StringArgument: 
            m_BoolArgument: 0
          m_CallState: 2
    - m_PersistentCalls:
        m_Calls:
        - m_Target: {fileID: 0}
          m_TargetAssemblyTypeName: 
          m_MethodName: 
          m_Mode: 6
          m_Arguments:
            m_ObjectArgument: {fileID: 0}
            m_ObjectArgumentAssemblyTypeName: UnityEngine.Object, UnityEngine
            m_IntArgument: 0
            m_FloatArgument: 0
            m_StringArgument: 
            m_BoolArgument: 0
          m_CallState: 2
    - m_PersistentCalls:
        m_Calls:
        - m_Target: {fileID: 9098720105356062240}
          m_TargetAssemblyTypeName: UnityEngine.Behaviour, UnityEngine
          m_MethodName: set_enabled
          m_Mode: 6
          m_Arguments:
            m_ObjectArgument: {fileID: 0}
            m_ObjectArgumentAssemblyTypeName: UnityEngine.Object, UnityEngine
            m_IntArgument: 0
            m_FloatArgument: 0
            m_StringArgument: 
            m_BoolArgument: 1
          m_CallState: 2
    - m_PersistentCalls:
        m_Calls:
        - m_Target: {fileID: 3015213319373970644}
          m_TargetAssemblyTypeName: UnityEngine.Behaviour, UnityEngine
          m_MethodName: set_enabled
          m_Mode: 6
          m_Arguments:
            m_ObjectArgument: {fileID: 0}
            m_ObjectArgumentAssemblyTypeName: UnityEngine.Object, UnityEngine
            m_IntArgument: 0
            m_FloatArgument: 0
            m_StringArgument: 
            m_BoolArgument: 1
          m_CallState: 2
    - m_PersistentCalls:
        m_Calls:
        - m_Target: {fileID: 4615758819614002063}
          m_TargetAssemblyTypeName: RePiX_VR.FrustumPlaneInteraction, RePiX_VR
          m_MethodName: SetAllowFlags
          m_Mode: 6
          m_Arguments:
            m_ObjectArgument: {fileID: 0}
            m_ObjectArgumentAssemblyTypeName: UnityEngine.Object, UnityEngine
            m_IntArgument: 0
            m_FloatArgument: 0
            m_StringArgument: 
            m_BoolArgument: 1
          m_CallState: 2
        - m_Target: {fileID: 8995191852417382122}
          m_TargetAssemblyTypeName: RePiX_VR.FrustumPlaneInteraction, RePiX_VR
          m_MethodName: SetAllowFlags
          m_Mode: 6
          m_Arguments:
            m_ObjectArgument: {fileID: 0}
            m_ObjectArgumentAssemblyTypeName: UnityEngine.Object, UnityEngine
            m_IntArgument: 0
            m_FloatArgument: 0
            m_StringArgument: 
            m_BoolArgument: 1
          m_CallState: 2
        - m_Target: {fileID: 4113195612157527176}
          m_TargetAssemblyTypeName: UnityEngine.GameObject, UnityEngine
          m_MethodName: SetActive
          m_Mode: 6
          m_Arguments:
            m_ObjectArgument: {fileID: 0}
            m_ObjectArgumentAssemblyTypeName: UnityEngine.Object, UnityEngine
            m_IntArgument: 0
            m_FloatArgument: 0
            m_StringArgument: 
            m_BoolArgument: 1
          m_CallState: 2
    - m_PersistentCalls:
        m_Calls:
        - m_Target: {fileID: 6951993042384575250}
          m_TargetAssemblyTypeName: UnityEngine.GameObject, UnityEngine
          m_MethodName: SetActive
          m_Mode: 6
          m_Arguments:
            m_ObjectArgument: {fileID: 0}
            m_ObjectArgumentAssemblyTypeName: UnityEngine.Object, UnityEngine
            m_IntArgument: 0
            m_FloatArgument: 0
            m_StringArgument: 
            m_BoolArgument: 1
          m_CallState: 2
        - m_Target: {fileID: 4113195612157527176}
          m_TargetAssemblyTypeName: UnityEngine.GameObject, UnityEngine
          m_MethodName: SetActive
          m_Mode: 6
          m_Arguments:
            m_ObjectArgument: {fileID: 0}
            m_ObjectArgumentAssemblyTypeName: UnityEngine.Object, UnityEngine
            m_IntArgument: 0
            m_FloatArgument: 0
            m_StringArgument: 
            m_BoolArgument: 1
          m_CallState: 2
        - m_Target: {fileID: 6392120251216436729}
          m_TargetAssemblyTypeName: UnityEngine.GameObject, UnityEngine
          m_MethodName: SetActive
          m_Mode: 6
          m_Arguments:
            m_ObjectArgument: {fileID: 0}
            m_ObjectArgumentAssemblyTypeName: UnityEngine.Object, UnityEngine
            m_IntArgument: 0
            m_FloatArgument: 0
            m_StringArgument: 
            m_BoolArgument: 1
          m_CallState: 2
    - m_PersistentCalls:
        m_Calls:
        - m_Target: {fileID: 4041179082617641849}
          m_TargetAssemblyTypeName: RePiX_VR.SignalEmitter, RePiX_VR
          m_MethodName: Emit
          m_Mode: 2
          m_Arguments:
            m_ObjectArgument: {fileID: 11400000, guid: b72ae1e9583d07e4e87bf21098f4e141,
              type: 2}
            m_ObjectArgumentAssemblyTypeName: UnityEngine.Timeline.SignalAsset, Unity.Timeline
            m_IntArgument: 0
            m_FloatArgument: 0
            m_StringArgument: 
            m_BoolArgument: 1
          m_CallState: 2
        - m_Target: {fileID: 4041179082617641849}
          m_TargetAssemblyTypeName: RePiX_VR.SignalEmitter, RePiX_VR
          m_MethodName: Emit
          m_Mode: 2
          m_Arguments:
            m_ObjectArgument: {fileID: 11400000, guid: 802627120248ff240a9c3c078adabe1c,
              type: 2}
            m_ObjectArgumentAssemblyTypeName: UnityEngine.Timeline.SignalAsset, Unity.Timeline
            m_IntArgument: 0
            m_FloatArgument: 0
            m_StringArgument: 
            m_BoolArgument: 1
          m_CallState: 2
--- !u!114 &4041179082617641849
MonoBehaviour:
  m_ObjectHideFlags: 0
  m_CorrespondingSourceObject: {fileID: 0}
  m_PrefabInstance: {fileID: 0}
  m_PrefabAsset: {fileID: 0}
  m_GameObject: {fileID: 4689730280340179681}
  m_Enabled: 1
  m_EditorHideFlags: 0
  m_Script: {fileID: 11500000, guid: c3c2a5945100b394eb1f21bcc139d1ca, type: 3}
  m_Name: 
  m_EditorClassIdentifier: 
  signalReceiver: {fileID: 4689730280340179686}
--- !u!1001 &3846854949998738568
PrefabInstance:
  m_ObjectHideFlags: 0
  serializedVersion: 2
  m_Modification:
    m_TransformParent: {fileID: 4689730280320374938}
    m_Modifications:
    - target: {fileID: 321904639996398382, guid: 4a2e0431fb0be1c43a7402a656269993,
        type: 3}
      propertyPath: m_Pivot.x
      value: 0.5
      objectReference: {fileID: 0}
    - target: {fileID: 321904639996398382, guid: 4a2e0431fb0be1c43a7402a656269993,
        type: 3}
      propertyPath: m_Pivot.y
      value: 0.5
      objectReference: {fileID: 0}
    - target: {fileID: 321904639996398382, guid: 4a2e0431fb0be1c43a7402a656269993,
        type: 3}
      propertyPath: m_RootOrder
      value: 2
      objectReference: {fileID: 0}
    - target: {fileID: 321904639996398382, guid: 4a2e0431fb0be1c43a7402a656269993,
        type: 3}
      propertyPath: m_AnchorMax.x
      value: 0
      objectReference: {fileID: 0}
    - target: {fileID: 321904639996398382, guid: 4a2e0431fb0be1c43a7402a656269993,
        type: 3}
      propertyPath: m_AnchorMax.y
      value: 0
      objectReference: {fileID: 0}
    - target: {fileID: 321904639996398382, guid: 4a2e0431fb0be1c43a7402a656269993,
        type: 3}
      propertyPath: m_AnchorMin.x
      value: 0
      objectReference: {fileID: 0}
    - target: {fileID: 321904639996398382, guid: 4a2e0431fb0be1c43a7402a656269993,
        type: 3}
      propertyPath: m_AnchorMin.y
      value: 0
      objectReference: {fileID: 0}
    - target: {fileID: 321904639996398382, guid: 4a2e0431fb0be1c43a7402a656269993,
        type: 3}
      propertyPath: m_SizeDelta.x
      value: 1
      objectReference: {fileID: 0}
    - target: {fileID: 321904639996398382, guid: 4a2e0431fb0be1c43a7402a656269993,
        type: 3}
      propertyPath: m_SizeDelta.y
      value: 0.5
      objectReference: {fileID: 0}
    - target: {fileID: 321904639996398382, guid: 4a2e0431fb0be1c43a7402a656269993,
        type: 3}
      propertyPath: m_LocalPosition.x
      value: 0
      objectReference: {fileID: 0}
    - target: {fileID: 321904639996398382, guid: 4a2e0431fb0be1c43a7402a656269993,
        type: 3}
      propertyPath: m_LocalPosition.y
      value: 0
      objectReference: {fileID: 0}
    - target: {fileID: 321904639996398382, guid: 4a2e0431fb0be1c43a7402a656269993,
        type: 3}
      propertyPath: m_LocalPosition.z
      value: 0
      objectReference: {fileID: 0}
    - target: {fileID: 321904639996398382, guid: 4a2e0431fb0be1c43a7402a656269993,
        type: 3}
      propertyPath: m_LocalRotation.w
      value: 0
      objectReference: {fileID: 0}
    - target: {fileID: 321904639996398382, guid: 4a2e0431fb0be1c43a7402a656269993,
        type: 3}
      propertyPath: m_LocalRotation.x
      value: -0
      objectReference: {fileID: 0}
    - target: {fileID: 321904639996398382, guid: 4a2e0431fb0be1c43a7402a656269993,
        type: 3}
      propertyPath: m_LocalRotation.y
      value: 1
      objectReference: {fileID: 0}
    - target: {fileID: 321904639996398382, guid: 4a2e0431fb0be1c43a7402a656269993,
        type: 3}
      propertyPath: m_LocalRotation.z
      value: -0
      objectReference: {fileID: 0}
    - target: {fileID: 321904639996398382, guid: 4a2e0431fb0be1c43a7402a656269993,
        type: 3}
      propertyPath: m_AnchoredPosition.x
      value: 0
      objectReference: {fileID: 0}
    - target: {fileID: 321904639996398382, guid: 4a2e0431fb0be1c43a7402a656269993,
        type: 3}
      propertyPath: m_AnchoredPosition.y
      value: 0.2669983
      objectReference: {fileID: 0}
    - target: {fileID: 321904639996398382, guid: 4a2e0431fb0be1c43a7402a656269993,
        type: 3}
      propertyPath: m_LocalEulerAnglesHint.x
      value: 0
      objectReference: {fileID: 0}
    - target: {fileID: 321904639996398382, guid: 4a2e0431fb0be1c43a7402a656269993,
        type: 3}
      propertyPath: m_LocalEulerAnglesHint.y
      value: 180
      objectReference: {fileID: 0}
    - target: {fileID: 321904639996398382, guid: 4a2e0431fb0be1c43a7402a656269993,
        type: 3}
      propertyPath: m_LocalEulerAnglesHint.z
      value: 0
      objectReference: {fileID: 0}
    - target: {fileID: 321904639996398383, guid: 4a2e0431fb0be1c43a7402a656269993,
        type: 3}
      propertyPath: m_Name
      value: Clipping Stage Panel
      objectReference: {fileID: 0}
    - target: {fileID: 321904640185051249, guid: 4a2e0431fb0be1c43a7402a656269993,
        type: 3}
      propertyPath: m_audioClip
      value: 
      objectReference: {fileID: 8300000, guid: 3fabed5900adabd4f9379d54344c2b48, type: 3}
    - target: {fileID: 3690782638905463781, guid: 4a2e0431fb0be1c43a7402a656269993,
        type: 3}
      propertyPath: director
      value: 
      objectReference: {fileID: 4689730280340179684}
    m_RemovedComponents: []
  m_SourcePrefab: {fileID: 100100000, guid: 4a2e0431fb0be1c43a7402a656269993, type: 3}
--- !u!114 &457833838970875757 stripped
MonoBehaviour:
  m_CorrespondingSourceObject: {fileID: 3690782638905463781, guid: 4a2e0431fb0be1c43a7402a656269993,
    type: 3}
  m_PrefabInstance: {fileID: 3846854949998738568}
  m_PrefabAsset: {fileID: 0}
  m_GameObject: {fileID: 0}
  m_Enabled: 0
  m_EditorHideFlags: 0
  m_Script: {fileID: 11500000, guid: f40a389a058765c42b4cb7473a552526, type: 3}
  m_Name: 
  m_EditorClassIdentifier: 
--- !u!224 &3536843731660027814 stripped
RectTransform:
  m_CorrespondingSourceObject: {fileID: 321904639996398382, guid: 4a2e0431fb0be1c43a7402a656269993,
    type: 3}
  m_PrefabInstance: {fileID: 3846854949998738568}
  m_PrefabAsset: {fileID: 0}
--- !u!114 &3536843731949262075 stripped
MonoBehaviour:
  m_CorrespondingSourceObject: {fileID: 321904640185051251, guid: 4a2e0431fb0be1c43a7402a656269993,
    type: 3}
  m_PrefabInstance: {fileID: 3846854949998738568}
  m_PrefabAsset: {fileID: 0}
  m_GameObject: {fileID: 0}
  m_Enabled: 1
  m_EditorHideFlags: 0
  m_Script: {fileID: 11500000, guid: 5f7201a12d95ffc409449d95f23cf332, type: 3}
  m_Name: 
  m_EditorClassIdentifier: 
--- !u!114 &3642119661176273242 stripped
MonoBehaviour:
  m_CorrespondingSourceObject: {fileID: 570178945832453586, guid: 4a2e0431fb0be1c43a7402a656269993,
    type: 3}
  m_PrefabInstance: {fileID: 3846854949998738568}
  m_PrefabAsset: {fileID: 0}
  m_GameObject: {fileID: 0}
  m_Enabled: 1
  m_EditorHideFlags: 0
  m_Script: {fileID: 11500000, guid: b165416de1ef4f76b3a1f94a1f687fbc, type: 3}
  m_Name: 
  m_EditorClassIdentifier: 
--- !u!114 &8698974265136714935 stripped
MonoBehaviour:
  m_CorrespondingSourceObject: {fileID: 5609850382208313407, guid: 4a2e0431fb0be1c43a7402a656269993,
    type: 3}
  m_PrefabInstance: {fileID: 3846854949998738568}
  m_PrefabAsset: {fileID: 0}
  m_GameObject: {fileID: 0}
  m_Enabled: 1
  m_EditorHideFlags: 0
  m_Script: {fileID: 11500000, guid: e52de21a22b6dd44c9cc19f810c65059, type: 3}
  m_Name: 
  m_EditorClassIdentifier: 
--- !u!1001 &4758524269504745873
PrefabInstance:
  m_ObjectHideFlags: 0
  serializedVersion: 2
  m_Modification:
    m_TransformParent: {fileID: 4689730280320374938}
    m_Modifications:
    - target: {fileID: 1041905822632463746, guid: ca64b1664f935414497aaf67df3ec34d,
        type: 3}
      propertyPath: m_Name
      value: Clipping Stage Scene
      objectReference: {fileID: 0}
    - target: {fileID: 1041905822632463749, guid: ca64b1664f935414497aaf67df3ec34d,
        type: 3}
      propertyPath: m_RootOrder
      value: 3
      objectReference: {fileID: 0}
    - target: {fileID: 1041905822632463749, guid: ca64b1664f935414497aaf67df3ec34d,
        type: 3}
      propertyPath: m_LocalPosition.x
      value: 0
      objectReference: {fileID: 0}
    - target: {fileID: 1041905822632463749, guid: ca64b1664f935414497aaf67df3ec34d,
        type: 3}
      propertyPath: m_LocalPosition.y
      value: 0
      objectReference: {fileID: 0}
    - target: {fileID: 1041905822632463749, guid: ca64b1664f935414497aaf67df3ec34d,
        type: 3}
      propertyPath: m_LocalPosition.z
      value: 0
      objectReference: {fileID: 0}
    - target: {fileID: 1041905822632463749, guid: ca64b1664f935414497aaf67df3ec34d,
        type: 3}
      propertyPath: m_LocalRotation.w
      value: 1
      objectReference: {fileID: 0}
    - target: {fileID: 1041905822632463749, guid: ca64b1664f935414497aaf67df3ec34d,
        type: 3}
      propertyPath: m_LocalRotation.x
      value: -0
      objectReference: {fileID: 0}
    - target: {fileID: 1041905822632463749, guid: ca64b1664f935414497aaf67df3ec34d,
        type: 3}
      propertyPath: m_LocalRotation.y
      value: -0
      objectReference: {fileID: 0}
    - target: {fileID: 1041905822632463749, guid: ca64b1664f935414497aaf67df3ec34d,
        type: 3}
      propertyPath: m_LocalRotation.z
      value: -0
      objectReference: {fileID: 0}
    - target: {fileID: 1041905822632463749, guid: ca64b1664f935414497aaf67df3ec34d,
        type: 3}
      propertyPath: m_LocalEulerAnglesHint.x
      value: 0
      objectReference: {fileID: 0}
    - target: {fileID: 1041905822632463749, guid: ca64b1664f935414497aaf67df3ec34d,
        type: 3}
      propertyPath: m_LocalEulerAnglesHint.y
      value: 0
      objectReference: {fileID: 0}
    - target: {fileID: 1041905822632463749, guid: ca64b1664f935414497aaf67df3ec34d,
        type: 3}
      propertyPath: m_LocalEulerAnglesHint.z
      value: 0
      objectReference: {fileID: 0}
    - target: {fileID: 3515826990470428993, guid: ca64b1664f935414497aaf67df3ec34d,
        type: 3}
      propertyPath: ValuesMatched.m_PersistentCalls.m_Calls.Array.data[0].m_Target
      value: 
      objectReference: {fileID: 457833838970875757}
    - target: {fileID: 3515826990470428993, guid: ca64b1664f935414497aaf67df3ec34d,
        type: 3}
      propertyPath: ValuesMatched.m_PersistentCalls.m_Calls.Array.data[0].m_MethodName
      value: DoneAction
      objectReference: {fileID: 0}
    m_RemovedComponents: []
  m_SourcePrefab: {fileID: 100100000, guid: ca64b1664f935414497aaf67df3ec34d, type: 3}
--- !u!114 &3015213319373970644 stripped
MonoBehaviour:
  m_CorrespondingSourceObject: {fileID: 7769162447904574789, guid: ca64b1664f935414497aaf67df3ec34d,
    type: 3}
  m_PrefabInstance: {fileID: 4758524269504745873}
  m_PrefabAsset: {fileID: 0}
  m_GameObject: {fileID: 0}
  m_Enabled: 0
  m_EditorHideFlags: 0
  m_Script: {fileID: 11500000, guid: b0c98bd94928035408e9fe77c986280b, type: 3}
  m_Name: 
  m_EditorClassIdentifier: 
--- !u!1 &4113195612157527176 stripped
GameObject:
  m_CorrespondingSourceObject: {fileID: 8871155587308557593, guid: ca64b1664f935414497aaf67df3ec34d,
    type: 3}
  m_PrefabInstance: {fileID: 4758524269504745873}
  m_PrefabAsset: {fileID: 0}
--- !u!114 &4615758819614002063 stripped
MonoBehaviour:
  m_CorrespondingSourceObject: {fileID: 146319349875989022, guid: ca64b1664f935414497aaf67df3ec34d,
    type: 3}
  m_PrefabInstance: {fileID: 4758524269504745873}
  m_PrefabAsset: {fileID: 0}
  m_GameObject: {fileID: 0}
  m_Enabled: 1
  m_EditorHideFlags: 0
  m_Script: {fileID: 11500000, guid: 6ed4737c69babe2459d9864f779658de, type: 3}
  m_Name: 
  m_EditorClassIdentifier: 
--- !u!4 &5511345257931643924 stripped
Transform:
  m_CorrespondingSourceObject: {fileID: 1041905822632463749, guid: ca64b1664f935414497aaf67df3ec34d,
    type: 3}
  m_PrefabInstance: {fileID: 4758524269504745873}
  m_PrefabAsset: {fileID: 0}
--- !u!1 &6392120251216436729 stripped
GameObject:
  m_CorrespondingSourceObject: {fileID: 1926682046045998184, guid: ca64b1664f935414497aaf67df3ec34d,
    type: 3}
  m_PrefabInstance: {fileID: 4758524269504745873}
  m_PrefabAsset: {fileID: 0}
--- !u!1 &6951993042384575250 stripped
GameObject:
  m_CorrespondingSourceObject: {fileID: 2482570031049083523, guid: ca64b1664f935414497aaf67df3ec34d,
    type: 3}
  m_PrefabInstance: {fileID: 4758524269504745873}
  m_PrefabAsset: {fileID: 0}
--- !u!114 &8995191852417382122 stripped
MonoBehaviour:
  m_CorrespondingSourceObject: {fileID: 4529772162901649275, guid: ca64b1664f935414497aaf67df3ec34d,
    type: 3}
  m_PrefabInstance: {fileID: 4758524269504745873}
  m_PrefabAsset: {fileID: 0}
  m_GameObject: {fileID: 0}
  m_Enabled: 1
  m_EditorHideFlags: 0
  m_Script: {fileID: 11500000, guid: e66c9d6f9700bca46a0b0a0448fe43af, type: 3}
  m_Name: 
  m_EditorClassIdentifier: 
--- !u!114 &9098720105356062240 stripped
MonoBehaviour:
  m_CorrespondingSourceObject: {fileID: 4344998537018490801, guid: ca64b1664f935414497aaf67df3ec34d,
    type: 3}
  m_PrefabInstance: {fileID: 4758524269504745873}
  m_PrefabAsset: {fileID: 0}
  m_GameObject: {fileID: 0}
  m_Enabled: 0
  m_EditorHideFlags: 0
  m_Script: {fileID: 11500000, guid: c054f6bdf7963d24296037d6384ada77, type: 3}
  m_Name: 
  m_EditorClassIdentifier: 
--- !u!1001 &5044346330815897473
PrefabInstance:
  m_ObjectHideFlags: 0
  serializedVersion: 2
  m_Modification:
    m_TransformParent: {fileID: 4689730280320374938}
    m_Modifications:
    - target: {fileID: 510132252768320006, guid: 853fb8b8e262030479163c9b17df6944,
        type: 3}
      propertyPath: m_Name
      value: LU:Clipping
      objectReference: {fileID: 0}
    - target: {fileID: 510132252768320007, guid: 853fb8b8e262030479163c9b17df6944,
        type: 3}
      propertyPath: m_RootOrder
      value: 0
      objectReference: {fileID: 0}
    - target: {fileID: 510132252768320007, guid: 853fb8b8e262030479163c9b17df6944,
        type: 3}
      propertyPath: m_LocalPosition.x
      value: 0
      objectReference: {fileID: 0}
    - target: {fileID: 510132252768320007, guid: 853fb8b8e262030479163c9b17df6944,
        type: 3}
      propertyPath: m_LocalPosition.y
      value: 0
      objectReference: {fileID: 0}
    - target: {fileID: 510132252768320007, guid: 853fb8b8e262030479163c9b17df6944,
        type: 3}
      propertyPath: m_LocalPosition.z
      value: 0
      objectReference: {fileID: 0}
    - target: {fileID: 510132252768320007, guid: 853fb8b8e262030479163c9b17df6944,
        type: 3}
      propertyPath: m_LocalRotation.w
      value: 1
      objectReference: {fileID: 0}
    - target: {fileID: 510132252768320007, guid: 853fb8b8e262030479163c9b17df6944,
        type: 3}
      propertyPath: m_LocalRotation.x
      value: 0
      objectReference: {fileID: 0}
    - target: {fileID: 510132252768320007, guid: 853fb8b8e262030479163c9b17df6944,
        type: 3}
      propertyPath: m_LocalRotation.y
      value: 0
      objectReference: {fileID: 0}
    - target: {fileID: 510132252768320007, guid: 853fb8b8e262030479163c9b17df6944,
        type: 3}
      propertyPath: m_LocalRotation.z
      value: 0
      objectReference: {fileID: 0}
    - target: {fileID: 510132252768320007, guid: 853fb8b8e262030479163c9b17df6944,
        type: 3}
      propertyPath: m_LocalEulerAnglesHint.x
      value: 0
      objectReference: {fileID: 0}
    - target: {fileID: 510132252768320007, guid: 853fb8b8e262030479163c9b17df6944,
        type: 3}
      propertyPath: m_LocalEulerAnglesHint.y
      value: 0
      objectReference: {fileID: 0}
    - target: {fileID: 510132252768320007, guid: 853fb8b8e262030479163c9b17df6944,
        type: 3}
      propertyPath: m_LocalEulerAnglesHint.z
      value: 0
      objectReference: {fileID: 0}
    m_RemovedComponents: []
  m_SourcePrefab: {fileID: 100100000, guid: 853fb8b8e262030479163c9b17df6944, type: 3}
--- !u!114 &4689730280522130821 stripped
MonoBehaviour:
  m_CorrespondingSourceObject: {fileID: 510132252768320004, guid: 853fb8b8e262030479163c9b17df6944,
    type: 3}
  m_PrefabInstance: {fileID: 5044346330815897473}
  m_PrefabAsset: {fileID: 0}
  m_GameObject: {fileID: 0}
  m_Enabled: 1
  m_EditorHideFlags: 0
  m_Script: {fileID: 11500000, guid: 1cb751f3fa55450c8d75c62efdc05914, type: 3}
  m_Name: 
  m_EditorClassIdentifier: 
--- !u!4 &4689730280522130822 stripped
Transform:
  m_CorrespondingSourceObject: {fileID: 510132252768320007, guid: 853fb8b8e262030479163c9b17df6944,
    type: 3}
  m_PrefabInstance: {fileID: 5044346330815897473}
  m_PrefabAsset: {fileID: 0}
